 Dungeon Crawl Stone Soup version 0.27-a0-1595-g0b823d0 (webtiles) character file.

Game seed: 2448246666403901283

45285 Illumine the Thaumaturge (level 14, -6/105 HPs)
             Began as a Djinni Conjurer on July 19, 2021.
             Was a High Priest of Makhleb.
             Killed from afar by a frost giant (58 damage)
             ... with a bolt of cold
             ... on level 10 of the Dungeon on July 20, 2021.
             The game lasted 00:47:56 (18436 turns).

Illumine the Thaumaturge (Djinni Conjurer)         Turns: 18436, Time: 00:47:56

Health: -6/105     AC:  9    Str:  4    XL:     14   Next: 70%
Gold:   1185       EV: 21    Int: 24    God:    Makhleb [*****.] SH:  5 Dex: 16

rFire    + . .     SeeInvis +   A - +7 glaive (venom)
rCold    . . .     Faith    .   (shield currently unavailable)
rNeg     . . .     Spirit   .   z - +0 troll leather armour {Purgy}
rPois    ∞         Reflect  +   Q - +2 hat {SInv}
rElec    .         Harm     .   (no cloak)
rCorr    .         Rampage  .   o - +1 pair of gloves {Dex+3}
Will     +....                  (boots unavailable)
Stlth    ++........             d - amulet of reflection
HPRegen  1.27/turn              y - +4 ring of evasion
MPRegen  0.00/turn              M - ring of ice

@: flying
A: sickness immunity, fire resistance 2, cold vulnerability 1, float, innate
caster, hp casting, extra vitality 1, weak 1
a: Renounce Religion, Minor Destruction, Lesser Servant of Makhleb, Major
Destruction, Greater Servant of Makhleb


You were on level 10 of the Dungeon.
You worshipped Makhleb.
Makhleb was extremely pleased with you.
You visited 3 branches of the dungeon, and saw 17 of its levels.
You also visited: Ossuary and Volcano.

You collected 1185 gold pieces.

Inventory:

Hand Weapons
 l - a +2 vampiric spear
 m - a +5 dagger of venom
 A - a +7 glaive of venom (weapon)
 N - a +1 vampiric trident
Missiles
 E - a curare-tipped dart (quivered)
 G - 2 atropa-tipped darts
Armour
 o - a +1 pair of gloves of dexterity (worn)
 x - the +3 leather armour "Huwoir" {Dex+2}
   (You took it off a goblin on level 4 of the Dungeon)

   Dex:       It affects your dexterity (+2).
 z - a +0 troll leather armour (worn) {Purgy}
 Q - a +2 hat of see invisible (worn)
 S - +0 fire dragon scales
Jewellery
 b - a ring of positive energy
 d - an amulet of reflection (around neck)
 w - an amulet of regeneration
 y - a +4 ring of evasion (left hand)
 I - an amulet of the acrobat
 M - a ring of ice (right hand)
 W - a +6 ring of dexterity
Wands
 a - a wand of iceblast (27)
 e - a wand of paralysis (7)
 C - a wand of flame (61)
 J - a wand of polymorph (6)
Scrolls
 f - 3 scrolls of immolation
 j - 6 scrolls of fear
 k - 10 scrolls of teleportation
 p - a scroll of enchant weapon
 q - 7 scrolls of enchant armour
 t - 2 scrolls of fog {unknown}
 v - a scroll of magic mapping
 B - a scroll of holy word {unknown}
 H - 5 scrolls of vulnerability
 K - a scroll of acquirement {unknown}
 P - 2 scrolls of blinking
 R - a scroll of torment {unknown}
 V - a scroll of identify
Potions
 c - 6 potions of curing
 h - 9 potions of haste
 i - 8 potions of lignification
 n - 5 potions of might
 r - 3 potions of cancellation
 s - 3 potions of attraction
 u - 2 potions of brilliance
 D - a potion of ambrosia
 F - a potion of berserk rage
 L - a potion of flight {unknown}
 O - 2 potions of heal wounds
 T - a potion of resistance {unknown}
 U - a potion of invisibility


   Skills:
 + Level 11.2 Fighting
 - Level 2.0 Short Blades
 + Level 5.1 Polearms
 + Level 5.1 Armour
 + Level 12.3 Dodging
 - Level 1.5 Stealth
 * Level 12.5 Spellcasting
 + Level 5.3 Invocations


You had 6 spell levels left.
You knew the following spells:

 Your Spells              Type           Power      Damage    Failure   Level
a - Magic Dart            Conj           100%       1d8       1%          1
b - Searing Ray           Conj           100%       3d7       1%          2
c - Dazzling Flash        Conj/Hex       100%       N/A       1%          3
d - Fulminant Prism       Conj/Hex       33%        3d16      1%          4
e - Iskenderun's Mystic   Conj/Tloc      66%        2d14      1%          4
f - Pain                  Necr           100%       1d9       1%          1
g - Static Discharge      Conj/Air       66%        N/A       1%          2
h - Corpse Rot            Necr/Air       N/A        N/A       1%          2
i - Tukima's Dance        Hex            66%        N/A       1%          3
j - Summon Forest         Summ/Tloc      33%        N/A       1%          5
k - Fireball              Conj/Fire      33%        3d14      1%          5
Your spell library was empty.

Dungeon Overview and Level Annotations

Branches:
Dungeon (10/15)            Temple (1/1) D:6            Lair (6/6) D:10
  Swamp (0/4) Lair:2        Snake (0/4) Lair:4        Slime (0/5) Lair:5
    Orc (0/2) D:10        Ossuary (visited)         Volcano (visited)

Altars:
Ashenzari
Cheibriados
Dithmenos
Elyvilon
Fedhas
Gozag
Hepliaklqana
Kikubaaqudgha
Makhleb
Nemelex Xobeh
Okawaru
Qazlal
Ru
Sif Muna
Trog
Uskayaw
Wu Jian
Xom
Yredelemnul
Zin
The Shining One
Lugonu

Portals:
Abyss: Lair:6

Annotations:
Lair:6 3 runed translucent doors, Vuohok's ghost, journeyman HOFi


Innate Abilities, Weirdness & Mutations

You are immune to sickness and miasma.
You are immune to poison.
Your flesh is very heat resistant. (rF++)
You are vulnerable to cold. (rC-)
You float through the air rather than walking.
You learn spells naturally, not from books.
Your magical power is your life essence.
You have superior vitality. (+4 HP)
You are weak. (Str -2)


Message History

Unknown command.
You start resting.
Space becomes stable.
You start resting.
HP restored.
You fly upwards.
Welcome back to the Dungeon!
The frost giant points at you and mumbles some strange words.
The bolt of cold hits you!!
There is a staircase to the Lair, spattered with blood here.
Unknown command.
Casting: Fireball (mildly dangerous; 1% risk of failure)
Confirm with . or Enter, or press ? or * to list all spells.
Okay, then.
Casting: Fireball (mildly dangerous; 1% risk of failure)
Confirm with . or Enter, or press ? or * to list all spells.
Aiming: Fireball (mildly dangerous; 1% risk of failure)
Press: ? - help, Shift-Dir - straight line, f - frost giant
Aim: a frost giant (moderately wounded)
The fireball explodes!
The fireball engulfs the frost giant!
The frost giant is heavily wounded.
The fireball engulfs the fungus!!
The fungus begins to die.
The fungus is lightly damaged.
You slash the frost giant!
The frost giant is poisoned.
The frost giant is heavily wounded.
The frost giant hits you.
You hit the frost giant.
The frost giant is heavily wounded.
A nearby fungus withers and dies.
The frost giant gestures at you while chanting.
The bolt of cold hits you!! The frost giant completely misses you.
Casting: Fireball (mildly dangerous; 1% risk of failure)
Confirm with . or Enter, or press ? or * to list all spells.
Aiming: Fireball (mildly dangerous; 1% risk of failure)
Press: ? - help, Shift-Dir - straight line, p - frost giant The fireball explodes!
The fireball engulfs the frost giant!
The frost giant is severely wounded.
The frost giant gestures at you while chanting.
The bolt of cold hits you!!!
Ouch! That really hurt!
You die...

.....#####♣#♣♣#..............##..
..............................###
........>........................
#######...........P..............
#.....P.P..........P.......
##.P.....P....).....P.......
#....P.P..)........P..####..
#.PPP.P....C[..)....P.# #..
######..........@..........# #..
#.........PP....)........P.# #..
......P....P...............#
..........PP...............#
...#####...PPP..........P...
...#....................P...
...#....#........P.P.P......
........#..........P.....
........#.....PP.P.......


You could see a frost giant (very poisoned).

Vanquished Creatures
  Gastronok (Lair:2)
  4 hydras
  3 death yaks
  A sun demon (Volcano)
  A thrashing horror (Lair:6)
  A lindwurm (Lair:4)
  Pikel (D:9)
  2 ugly things
  An orc sorcerer (Volcano)
  2 oklob plants (Lair:4)
  6 black mambas
  2 molten gargoyles (Volcano)
  13 cane toads
  6 rime drakes
  6 komodo dragons
  2 ancient zymes (Lair:6)
  3 red devils (Volcano)
  4 polar bears
  A troll (D:9)
  Grinder (D:3)
  Prince Ribbit (D:5)
  2 slime creatures (Lair:5)
  16 blink frogs
  6 wyverns
  A vampire (D:9)
  4 basilisks
  11 yaks
  2 wraiths
  2 fire bats (Volcano)
  10 small abominations (Lair:6)
  3 chaos spawn (Lair:6)
  A warg (D:10)
  A naga (Lair:4)
  A warg (shapeshifter) (Lair:6)
  8 water moccasins
  Purgy (D:3)
  5 orc warriors
  4 necrophages
  A sky beast (D:6)
  3 black bears
  2 ice beasts
  3 ogres
  2 centaurs
  5 phantoms
  6 wolves
  A kobold brigand (D:8)
  A gnoll sergeant (D:10)
  9 bullfrogs
  5 scorpions
  10 killer bees
  11 wights
  3 electric eels (Lair:2)
  5 lava snakes (Volcano)
  2 hounds
  4 jellies
  4 centaur zombies
  A hound (shapeshifter) (Lair:6)
  6 orc priests
  3 bullfrog skeletons
  2 gnoll shamans
  An iguana (D:6)
  Jessica (D:2)
  8 orc wizards
  Natasha (thrice) (D:2)
  A hell rat (Lair:5)
  A killer bee zombie (D:6)
  A hound zombie (D:5)
  A mummy (Ossuary)
  Robin (D:2)
  2 howler monkey zombies
  13 gnolls
  A howler monkey skeleton (D:5)
  10 adders
  A shadow imp (D:8)
  A white imp (D:7)
  3 worms
  A dart slug (D:1)
  35 orcs
  8 ball pythons
  6 endoplasms
  A giant cockroach (D:3)
  12 goblins
  10 hobgoblins
  7 jackals
  A quokka (D:1)
  7 bats
  6 frilled lizards
  7 gnoll skeletons (Ossuary)
  17 kobolds
  5 kobold skeletons (Ossuary)
  13 orc skeletons (Ossuary)
  4 rats
  2 snaplasher vines (Lair:6)
420 creatures vanquished.

Vanquished Creatures (collateral kills)
  Harold (Lair:1)
  A catoblepas (Lair:6)
  A hydra (D:8)
  6 death yaks
  Urug (Lair:1)
  2 thrashing horrors (Lair:6)
  2 bog bodies (Lair:2)
  2 ugly things (Lair:6)
  A smoke demon (Lair:6)
  A cane toad (Lair:4)
  A komodo dragon (Lair:6)
  6 blink frogs
  A spriggan (Lair:6)
  31 yaks
  2 basilisks
  2 chaos spawn (Lair:6)
  4 water moccasins
  A warg (D:10)
  A small abomination (Lair:6)
  An ice beast (D:10)
  An orc warrior (D:10)
  4 black bears (D:10)
  2 wolves
  3 bullfrogs
  A howler monkey (D:10)
  An electric eel (Lair:2)
  4 hell rats (Lair:5)
  3 gnolls (D:10)
  2 orcs (D:10)
  3 bushes
92 creatures vanquished.

Vanquished Creatures (others)
  8 fulminant prisms
  61 fungi
  75 plants
  6 snaplasher vines
150 creatures vanquished.

Grand Total: 662 creatures vanquished

Notes
Turn   | Place    | Note
-------+----------+-------------------------------------------
     0 | D:1      | Illumine the Djinni Conjurer began the quest for the Orb.
     0 | D:1      | Reached XP level 1. HP: 15/15 MP: 0/0
   290 | D:1      | Reached XP level 2. HP: 19/22 MP: 0/0
   689 | D:1      | Found a faded altar of an unknown god.
   708 | D:1      | Reached XP level 3. HP: 24/26 MP: 0/0
   708 | D:1      | Learned a level 1 spell: Pain
   740 | D:1      | Reached skill level 1 in Fighting
  1127 | D:2      | Noticed Natasha
  1131 | D:2      | Killed Natasha
  1132 | D:2      | Reached XP level 4. HP: 26/32 MP: 0/0
  1517 | D:2      | Noticed Natasha
  1526 | D:2      | Killed Natasha
  1527 | D:2      | Reached XP level 5. HP: 12/38 MP: 0/0
  1527 | D:2      | Learned a level 2 spell: Static Discharge
  2014 | D:2      | Noticed Natasha
  2018 | D:2      | Killed Natasha
  2235 | D:2      | Noticed Robin
  2240 | D:2      | Killed Robin
  2602 | D:3      | Noticed Purgy
  2674 | D:3      | Noticed Jessica
  2677 | D:2      | Killed Jessica
  2679 | D:2      | Reached XP level 6. HP: 41/45 MP: 0/0
  2709 | D:3      | Noticed Grinder
  2710 | D:3      | Paralysed by Grinder for 4 turns
  3161 | D:3      | Paralysed by Grinder for 3 turns
  3168 | D:3      | Paralysed by Grinder for 5 turns
  3431 | D:4      | Found a sand-covered staircase.
  3438 | Ossuary  | Entered an ossuary
  3438 | Ossuary  | Noticed a wraith
  3438 | Ossuary  | Noticed a wraith
  3438 | Ossuary  | Noticed a wraith
  3992 | Ossuary  | Noticed a wraith
  4025 | Ossuary  | Killed a wraith
  4026 | Ossuary  | Reached skill level 1 in Short Blades
  4026 | Ossuary  | Reached XP level 7. HP: 31/49 MP: 0/0
  4026 | Ossuary  | Learned a level 2 spell: Corpse Rot
  4322 | D:4      | Reached skill level 5 in Spellcasting
  4949 | D:4      | Reached XP level 8. HP: 53/58 MP: 0/0
  5004 | D:4      | Reached skill level 1 in Polearms
  5004 | D:4      | Reached skill level 5 in Dodging
  5224 | D:4      | Identified the +3 leather armour "Huwoir" {Dex+2}
  5682 | D:5      | Entered Level 5 of the Dungeon
  5782 | D:5      | Reached skill level 1 in Armour
  6149 | D:5      | Identified the +1 leather armour of Dramatic Exits {Will-
                  | Int+2 Slay+3}
  6161 | D:5      | Reached XP level 9. HP: 55/63 MP: 0/0
  6161 | D:5      | Learned a level 3 spell: Tukima's Dance
  6760 | D:5      | Noticed Prince Ribbit
  6766 | D:5      | Killed Prince Ribbit
  7046 | D:3      | Killed Purgy
  7047 | D:3      | Reached skill level 5 in Fighting
  7197 | D:3      | Killed Grinder
  8076 | D:6      | Found a staircase to the Ecumenical Temple.
  8108 | Temple   | Entered the Ecumenical Temple
  8387 | D:6      | Reached XP level 10. HP: 66/72 MP: 0/0
  8825 | D:7      | Found a burning altar of Makhleb.
  8827 | D:7      | Found a sparkling altar of Nemelex Xobeh.
  8887 | D:7      | Became a worshipper of Makhleb the Destroyer
  9703 | D:8      | Noticed a seven-headed hydra
  9983 | D:9      | Reached * piety under Makhleb
 10003 | D:9      | Noticed Pikel
 10021 | D:9      | Killed Pikel
 10022 | D:9      | Reached XP level 11. HP: 48/79 MP: 0/0
 10022 | D:9      | Learned a level 5 spell: Summon Forest
 10813 | D:10     | Entered Level 10 of the Dungeon
 10883 | D:10     | Reached ** piety under Makhleb
 10903 | D:10     | Found a staircase to the Lair.
 11053 | D:10     | Found a basalt altar of Yredelemnul.
 11242 | D:10     | Found a staircase to the Orcish Mines.
 11253 | D:10     | Noticed a frost giant
 11703 | D:8      | Killed a seven-headed hydra
 11763 | Lair:1   | Entered Level 1 of the Lair of Beasts
 11801 | Lair:1   | Noticed Harold
 11812 | Lair:1   | Killed Harold
 11970 | Lair:1   | Reached *** piety under Makhleb
 12021 | Lair:1   | Reached skill level 10 in Spellcasting
 12031 | Lair:1   | Reached XP level 12. HP: 74/88 MP: 0/0
 12069 | Lair:1   | Noticed a six-headed hydra
 12073 | Lair:1   | Noticed Urug
 12085 | Lair:1   | Killed a six-headed hydra
 12094 | Lair:1   | HP: 1/88 [Urug/silver javelin (6)]
 12118 | Lair:2   | Reached skill level 10 in Dodging
 12261 | Lair:2   | Noticed a death yak
 12263 | Lair:2   | Noticed a death yak
 12268 | Lair:2   | Noticed a death yak
 12269 | Lair:2   | Killed a death yak
 12269 | Lair:2   | Noticed a death yak
 12270 | Lair:2   | Killed a death yak
 12287 | Lair:2   | Killed a death yak
 12291 | Lair:2   | Killed a death yak
 12826 | Lair:2   | Found a staircase to the Swamp.
 12880 | Lair:2   | Noticed Gastronok
 12898 | Lair:2   | Killed Gastronok
 13260 | Lair:2   | Reached **** piety under Makhleb
 13266 | Lair:2   | Reached XP level 13. HP: 45/96 MP: 0/0
 13266 | Lair:2   | Learned a level 5 spell: Fireball
 13491 | Lair:3   | Reached skill level 10 in Fighting
 13502 | Lair:3   | Reached skill level 1 in Invocations
 13821 | Lair:1   | Killed Urug
 13865 | Lair:1   | You are sucked into a shaft and drop 1 floor!
 15330 | Lair:4   | Found a dark tunnel.
 15346 | Volcano  | Entered a volcano
 15726 | Volcano  | Found a bloodstained altar of Trog.
 15860 | Volcano  | Gained mutation: You are weak. (Str -2) [a neqoxec]
 15997 | Lair:4   | Found a staircase to the Snake Pit.
 16119 | Lair:4   | Noticed a five-headed hydra
 16132 | Lair:4   | Killed a five-headed hydra
 16814 | Lair:5   | Found a staircase to the Slime Pits.
 16864 | Lair:5   | Noticed a six-headed hydra
 16873 | Lair:5   | Killed a six-headed hydra
 16874 | Lair:5   | Reached XP level 14. HP: 80/103 MP: 0/0
 16920 | Lair:5   | You are sucked into a shaft and drop 1 floor!
 16920 | Lair:6   | Entered Level 6 of the Lair of Beasts
 16936 | Lair:6   | Reached ***** piety under Makhleb
 17043 | Lair:6   | Noticed Vuohok's ghost (journeyman HOFi)
 17047 | Lair:6   | Noticed a minotaur
 17061 | Lair:6   | Found a runed translucent gate.
 17506 | Lair:6   | Found a runed translucent gate.
 17604 | Lair:6   | Found a runed translucent gate.
 17674 | Lair:6   | Reached skill level 5 in Invocations
 17859 | Lair:6   | Reached skill level 5 in Polearms
 17882 | Lair:6   | Reached skill level 5 in Armour
 17930 | Lair:6   | Found a one-way gate to the infinite horrors of the Abyss.
 17966 | Lair:6   | Found a corrupted altar of Lugonu.
 18436 | D:10     | Killed from afar by a frost giant

Illustrated notes

Levels and vault maps discovered:
D:1:      minmay_arrival_stone_box, layout_rooms,
          ebering_ecumenical_altar_abandoned, minmay_tall_x
D:2:      layout_basic, dk_noncrumbling_2, uniq_robin, uniq_natasha
D:3:      minmay_chambers_of_twos, layout_basic, uniq_jessica, uniq_purgy,
          uniq_grinder
D:4:      cheibrodos_pilgrimage, layout_loops_corners,
          chequers_ossuary_entry_cave, minmay_misc_feat_x, minmay_ruptured
D:5:      layout_loops_ring, uniq_prince_ribbit1
D:6:      layout_gridville, minmay_temple_entry_offerings,
          hangedman_decor_lopped, grunt_decor_mini_mirrors, minivault_24,
          chequers_serial_rivers_room_a, minmay_holes,
          corexii_item_surrounded_by_moat
D:7:      layout_loops_ring, chequers_temple_overflow_statue_of_worship
D:8:      layout_gridville
D:9:      layout_basic, minivault_21, lemuel_old_faithful, uniq_pikel
D:10:     minmay_coctagon, layout_irregular_city, nicolae_vehumet_altar_sigil,
          mainiacjoe_overflow_cross_hatched, due_lair_maze_entry_diamond,
          minmay_orc_entry_guard_dogs, uniq_maurice
Temple:   hc_temple_tempest_star
Lair:1:   layout_long_grid, grunt_megastairs_5, uniq_urug, uniq_harold
Lair:2:   layout_gridlike, skrybe_swamp_entry_bodies, st_stairs_9,
          uniq_gastronok
Lair:3:   layout_small_grid, roderic_carrion_pond, grunt_megastairs_2
Lair:4:   layout_cave_shapes, guppyfry_snake_entry_garden,
          nicolae_volcano_entry_vermiform, chequers_serial_rivers_micro_a,
          minmay_lair_oklob_chamber
Lair:5:   layout_small_grid, minmay_slime_entry_pillars, grunt_megastairs_3
Lair:6:   hellmonk_lair_end_abyssal_woods, layout_gridlike,
          maelrawn_ghost_gauntlet_escape, grunt_forest_stairs_basic,
          lookout_lair_type, patterned_corridor

Skill      XL: |  1  2  3  4  5  6  7  8  9 10 11 12 13 14 |
---------------+-------------------------------------------+-----
Fighting       | 1 2 3 4 5 7 8 9 10 11 | 11.2
Dodging        | 3 4 5 6 8 9 11 12 | 12.3
Spellcasting   | 4 5 6 7 8 10 11 12 | 12.5
Short Blades   | 1 2 |  2.0
Polearms       | 2 3 5 |  5.1
Armour         | 1 3 4 5 |  5.1
Invocations    | 4 5 |  5.3
Stealth        | |  1.5

Action                   |  1- 3 |  4- 6 |  7- 9 | 10-12 | 13-15 || total
-------------------------+-------+-------+-------+-------+-------++-------
Melee: Dagger            |       |     9 |    29 |    67 |    30 ||   135
       Trident           |       |       |       |       |    41 ||    41
       Glaive            |       |       |       |       |   102 ||   102
Throw: Throwing net      |       |       |       |     1 |       ||     1
 Cast: Magic Dart        |    51 |   107 |    81 |    40 |     9 ||   288
       Searing Ray       |     3 |    13 |    51 |   114 |    73 ||   254
       Static Discharge  |       |     3 |     2 |       |       ||     5
       Fulminant Prism   |       |     2 |       |     2 |     4 ||     8
       Iskenderun's Myst |       |     1 |    10 |    47 |    58 ||   116
       Corpse Rot        |       |       |     3 |       |       ||     3
       Tukima's Dance    |       |       |       |     3 |       ||     3
       Summon Forest     |       |       |       |    13 |    16 ||    29
       Dazzling Flash    |       |       |       |     1 |       ||     1
       Fireball          |       |       |       |       |    21 ||    21
Evoke: Wand              |       |       |       |       |     1 ||     1
  Use: Scroll            |       |     4 |       |     8 |    10 ||    22
       Potion            |       |       |       |     1 |       ||     1
 Stab: Distracted        |       |       |       |       |     2 ||     2
Armor: Robe              |     2 |     6 |     1 |       |       ||     9
       Leather armour    |       |       |     5 |       |       ||     5
       Troll leather arm |       |       |     1 |    23 |    29 ||    53
Dodge: Dodged            |     8 |    17 |    53 |   125 |   205 ||   408
Block: Other             |       |     5 |    22 |    29 |    56 ||   112
       Reflection        |       |       |     2 |       |       ||     2

Table legend: (Time is in decaauts)
 A = Elapsed time spent in this place.
 B = Non-inter-level travel time spent in this place.
 C = Inter-level travel time spent in this place.
 D = Time resting spent in this place.
 E = Time spent auto-exploring this place.
 F = Levels seen in this place.
 G = Mean time per level.
                   A        B        C        D        E       F      G
               +--------+--------+--------+--------+--------+-----+--------+
         Total |  18499 |  17641 |    858 |   4053 |   9893 |  19 |  973.6 |
       Dungeon |  10825 |  10287 |    538 |   2164 |   6341 |  10 | 1082.5 |
        Temple |    248 |    246 |      2 |      0 |    244 |   1 |  248.0 |
          Lair |   6106 |   5788 |    318 |   1232 |   3185 |   6 | 1017.7 |
       Ossuary |    714 |    714 |      0 |    438 |      9 |   1 |  714.0 |
       Volcano |    604 |    604 |      0 |    219 |    114 |   1 |  604.0 |
               +--------+--------+--------+--------+--------+-----+--------+

Top non-repeatable levels by time:
     D:2: 1877 daAuts
     D:4: 1796 daAuts
  Lair:2: 1400 daAuts
  Lair:6: 1329 daAuts
     D:5: 1279 daAuts
  Lair:1: 1150 daAuts
     D:1: 1097 daAuts
  Lair:3: 1083 daAuts
     D:9: 992 daAuts
     D:8: 858 daAuts
     D:6: 856 daAuts
  Lair:4: 816 daAuts
     D:3: 813 daAuts
     D:7: 734 daAuts
 Ossuary: 714 daAuts
